Map: Zen LE

Players

Tom - Winner!

  • Race: Zerg Zerg
  • League: Silver
  • Spawn Location: 7:00

antagomiR

  • Race: Protoss Protoss
  • League: Gold
  • Spawn Location: 1:00

VOD

Have the link to the VOD?

Description

Time

  • Played on: April 4, 2020, 7:52 p.m.
  • Length: 6:43
Show
View Real Time Build Order
Export as new Build Order

Tom Zerg - Winner!

Build Orders: Pool First, Roach Nydus 

Get SALT Encoding   

  12  0:04  Drone  
  13  0:16  Drone  
  13  0:20  Overlord  
  14  0:27  Extractor  
  13  0:30  Extractor  
  13  0:31  Drone x2  
  15  0:49  Drone  
  16  0:50  Spawning Pool  
  15  1:04  Extractor  
  15  1:19  Drone x2  
  15  1:20  Drone  
  18  1:34  Drone  
  19  1:42  Hatchery  
  19  1:45  Drone  
  19  1:55  Metabolic Boost  
  19  1:57  Queen  
  21  2:02  Zergling x2  
  22  2:12  Overlord  
  22  2:30  Roach Warren  
  22  2:32  Zergling x4  
  23  2:41  Drone  
  24  2:58  Lair  
  24  3:06  Drone x2  
  24  3:07  Zergling x4  
  24  3:10  Drone  
  29  3:18  Drone x2  
  31  3:37  Zergling x2, Roach  
  34  3:43  Spore Crawler  
  33  3:53  Roach  
  33  3:54  Zergling x2  
  33  3:55  Overlord x3  
  36  3:59  Spore Crawler  
  35  4:08  Drone  
  36  4:12  Nydus Network  
  35  4:24  Zergling x2, Roach x2  
  35  4:25  Zergling x4  
  35  4:26  Drone  
  43  4:34  Evolution Chamber  
  42  4:43  Spine Crawler  
  41  4:49  Roach x2  
  45  5:09  Nydus Canal  
  45  5:15  Drone x4  
  45  5:16  Roach x2  
  47  6:19  Roach x6  
  47  6:20  Roach  
Show
View Real Time Build Order
Export as new Build Order

antagomiR Protoss 

Build Orders:  

Get SALT Encoding   

  12  0:01  Probe  
  13  0:13  Probe  
  14  0:27  Pylon  
  14  0:29  Probe (Chrono Boost)  
  15  0:43  Probe (Chrono Boost)  
  15  0:48  Gateway  
  16  0:53  Probe, Assimilator  
  17  1:07  Probe  
  18  1:19  Probe  
  19  1:31  Probe  
  20  1:38  Cybernetics Core  
  20  1:43  Probe  
  21  1:48  Assimilator  
  21  1:51  Pylon  
  21  1:55  Probe  
  22  2:09  Probe, Zealot (Chrono Boost)  
  25  2:16  Warp Gate (Chrono Boost)  
  25  2:21  Probe  
  26  2:31  Adept (Chrono Boost)  
  26  2:33  Probe  
  26  2:35  Robotics Facility  
  29  2:50  Nexus  
  29  2:55  Pylon  
  29  2:57  Stalker  
  31  3:13  Probe  
  32  3:24  Shield Battery  
  32  3:25  Probe  
  33  3:28  Sentry  
  33  3:32  Observer  
  36  3:37  Probe  
  37  3:49  Probe  
  37  3:54  Observer  
  39  3:56  Gateway  
  39  3:57  Gateway  
  39  4:00  Pylon  
  39  4:01  Probe  
  39  4:02  Probe  
  41  4:09  Assimilator  
  41  4:13  Probe, Assimilator  
  41  4:14  Probe  
  43  4:19  Twilight Council  
  43  4:26  Probe, Stalker  
  46  4:59  Charge (Chrono Boost), Templar Archives  
  46  5:04  Probe x2  
  46  5:06  Stalker x2  
  52  5:15  Zealot  
  52  5:16  Probe  
  55  5:32  Gateway  
  55  5:34  Gateway  
  49  5:45  Zealot x3  
  35  6:11  Zealot  
  30  6:13  Zealot, Stalker  
Tags
 
Matchup
PvZ
Opening
Pool First
Replay Pack
20200422
Spawn Locations
Cross Positions
Strategy
Roach Nydus
Add a new tag
Caveats
  • Supply blocks, unpowered buildings, or Contaminate may cause inaccurate times.
  • Supply counts are checked every 10 seconds.